 Dungeon Crawl Stone Soup version 0.16.1-5-gaa23807 (webtiles) character file.

603 Deemzul the Insei (level 7, -4/47 HPs)
             Began as an Octopode Monk on Mar 28, 2015.
             Was a Priest of Okawaru.
             Slain by an orc
             ... wielding a +0 falchion
              (8 damage)
             ... on level 5 of the Dungeon.
             The game lasted 00:11:03 (3465 turns).

Deemzul the Insei (Octopode Monk)                   Turns: 3465, Time: 00:11:04

Health: -4/47      AC:  1    Str: 11    XL:     7   Next: 42%
Magic:  7/8        EV: 18    Int: 12    God:    Okawaru [***...]
Gold:   289        SH:  0    Dex: 16    Spells: 0 memorised, 6 levels left

rFire  . . .     SeeInvis .       - Unarmed
rCold  . . .     Clarity  +     (no shield)
rNeg   . . .     SustAb   .     (helmet restricted)
rPois  .         Gourm    .     v - amulet of clarity
rElec  .         Spirit   .     (no ring)
rCorr  .         Warding  .     (no ring)
rMut   .         Stasis   .     (no ring)
MR     .....                    (no ring)
Stlth  ++++++....               (no ring)
                                (no ring)
                                (no ring)
                                (no ring)

@: heroism, slowed, very slow, not resistant to hostile enchantments, very
stealthy
A: almost no armour, amphibious, 8 rings, constrict 8, camouflage 1, gelatinous
body 1
a: Heroism, Renounce Religion


You were on level 5 of the Dungeon.
You worshipped Okawaru.
Okawaru was most pleased with you.
You were hungry.

You visited 1 branch of the dungeon, and saw 5 of its levels.

You collected 289 gold pieces.

Inventory:

Missiles
 o - 16 stones (quivered)
Jewellery
 v - an amulet of clarity (around mantle)
Magical devices
 k - a wand of draining (1)
 s - a wand of flame (12)
Scrolls
 a - 2 scrolls of blinking
 c - 3 scrolls of identify
 d - a scroll of fear {unknown}
 e - a scroll of enchant armour {unknown}
 f - a scroll of immolation {unknown}
 m - 3 scrolls of magic mapping {unknown}
 n - 2 scrolls of random uselessness {unknown}
 q - a scroll of teleportation {unknown}
 u - a scroll of amnesia {unknown}
Potions
 i - a potion of invisibility
 j - a potion of heal wounds
 l - 2 potions of restore abilities
 p - a potion of agility
 r - a potion of degeneration {unknown}
 t - a potion of resistance {unknown}
Comestibles
 b - 6 bread rations
 g - 3 fruits
 h - 2 beef jerkies


   Skills:
 + Level 3.9(8.9) Fighting
 + Level 0.2(5.2) Throwing
 + Level 3.8(8.8) Dodging
 + Level 5.2(10.2) Stealth
 * Level 7.2(12.2) Unarmed Combat
 + Level 1.0 Invocations


You had 6 spell levels left.
You didn't know any spells.

Dungeon Overview and Level Annotations

Branches:
Dungeon (5/15)
 Temple: D:4-7

Altars:
Dithmenos
Elyvilon
Gozag
Okawaru
Qazlal
Zin


Innate Abilities, Weirdness & Mutations

You cannot wear most types of armour.
You are amphibious.
You can wear up to eight rings at the same time.
You can use your tentacles to constrict many enemies at once.
Your skin changes colour to match your surroundings (Stealth).
Your rubbery body absorbs attacks (AC +1).


Message History

Okawaru accepts your kill.
You constrict the orc wizard. You constrict the ball python skeleton.
The orc wizard gestures at you while chanting.
The magic dart hits you!
* * * LOW HITPOINT WARNING * * *
The ball python skeleton bites you but does no damage.
The ball python skeleton completely misses you.
The orc wizard completely misses you.
Unknown command.
You tentacle-slap the orc wizard.
You kill the orc wizard!
Okawaru accepts your kill.
Your Invocations skill increases to level 1!
You constrict the ball python skeleton.
You destroy the ball python skeleton!
Okawaru accepts your kill.
Unknown command.
You barely miss the orc. Your grab misses the orc.
The orc hits you with a falchion!
You die...

.##....# ##............
.......## #............
..(...).####...†.......#
........##......[...###
...................##
.........#...(....##
..................#
................).#
................@.#
..........#######o###
....<.....## #.....#
...........###.............
............#.............
.........#.##....$........
........#####.............
......### #............
.###### ..........o


You could see an orc.

Vanquished Creatures
  A black bear (D:4)
  A crimson imp (D:4)
  2 hounds (D:5)
  2 worker ants (D:4)
  An orc priest (D:4)
  An orc wizard (D:5)
  A centaur skeleton (D:4)
  Robin (D:3)
  8 adders
  A shadow imp (D:5)
  3 giant mites
  4 worms
  2 giant geckos
  An ooze (D:3)
  8 orcs
  2 ball pythons
  A bat zombie (D:5)
  6 giant cockroaches
  19 goblins
  5 hobgoblins
  23 jackals
  5 quokkas
  A ball python skeleton (D:5)
  13 bats
  2 giant newts
  7 kobolds
  4 rats
125 creatures vanquished.

Notes
Turn   | Place    | Note
--------------------------------------------------------------
     0 | D:1      | Deemzul, the Octopode Monk, began the quest for the Orb.
     0 | D:1      | Reached XP level 1. HP: 16/16 MP: 1/1
    68 | D:1      | Reached XP level 2. HP: 13/21 MP: 2/2
   420 | D:1      | Reached XP level 3. HP: 21/26 MP: 3/3
   781 | D:2      | Reached skill level 5 in Unarmed Combat
   912 | D:2      | Reached XP level 4. HP: 16/31 MP: 4/4
  1072 | D:2      | Found an iron altar of Okawaru.
  1140 | D:2      | Became a worshipper of Warmaster Okawaru
  1140 | D:2      | Acquired Okawaru's first power
  1421 | D:2      | Found a stormy altar of Qazlal.
  1798 | D:3      | Reached XP level 5. HP: 36/36 MP: 5/5
  1886 | D:3      | Found a glowing silver altar of Zin.
  1894 | D:3      | Noticed Robin
  1911 | D:3      | Killed Robin
  1911 | D:3      | Reached skill level 6 in Unarmed Combat
  2548 | D:3      | Found a white marble altar of Elyvilon.
  2549 | D:3      | Found an opulent altar of Gozag.
  2683 | D:4      | Reached XP level 6. HP: 21/42 MP: 6/6
  2928 | D:4      | Found a shadowy altar of Dithmenos.
  2997 | D:4      | Noticed a black bear
  3002 | D:4      | Killed a black bear
  3007 | D:4      | Reached XP level 7. HP: 33/47 MP: 4/7
  3131 | D:4      | Reached skill level 7 in Unarmed Combat
  3296 | D:5      | Entered Level 5 of the Dungeon
  3450 | D:5      | Reached skill level 5 in Stealth
  3464 | D:5      | Reached skill level 1 in Invocations
  3465 | D:5      | Slain by an orc

Action                   |  1- 3 |  4- 6 |  7- 9 || total
-------------------------+-------+-------+-------++-------
Melee: Unarmed           |    60 |   154 |    51 ||   265
Throw: Stone             |       |    15 |       ||    15
Invok: Heroism           |       |     3 |     1 ||     4
Evoke: Wand              |       |     3 |     2 ||     5
  Use: Potion            |       |     2 |       ||     2
       Scroll            |       |     5 |     1 ||     6
 Stab: Sleeping          |    10 |     8 |     7 ||    25
       Distracted        |     1 |     1 |       ||     2
       Invisible         |       |     7 |       ||     7
  Eat: Chunk             |       |     7 |     1 ||     8
